Map: King's Cove LE

Players

WeAreLegion - Winner!

  • Race: Terran Terran
  • League: Silver
  • Spawn Location: 5:00

junoo

  • Race: Zerg Zerg
  • League: Silver
  • Spawn Location: 11:00

VOD

Have the link to the VOD?

Description

Time

  • Played on: Dec. 9, 2024, 10:52 p.m.
  • Length: 11:58
Show
View Real Time Build Order
Export as new Build Order

WeAreLegion Terran - Winner!

Build Orders: 2 Factory, Reaper Expand 

Get SALT Encoding   

  12  0:00  SCV  
  13  0:12  SCV  
  14  0:19  Supply Depot  
  14  0:24  SCV  
  15  0:40  SCV  
  16  0:42  Barracks  
  16  0:46  Refinery  
  16  0:52  SCV  
  17  1:10  SCV  
  18  1:22  SCV  
  19  1:32  Reaper  
  20  1:38  Command Center  
  20  1:45  Orbital Command  
  20  1:55  Supply Depot  
  20  2:11  Marine  
  20  2:13  SCV  
  22  2:18  Factory  
  22  2:24  Factory  
  22  2:26  Refinery  
  22  2:27  SCV  
  23  2:33  Barracks Reactor  
  23  2:39  SCV  
  25  2:51  SCV  
  25  3:03  SCV  
  25  3:08  Orbital Command  
  25  3:15  SCV  
  26  3:29  SCV  
  27  3:41  Supply Depot, SCV  
  28  3:44  Starport  
  28  3:47  Barracks  
  28  3:50  Barracks  
  28  3:54  Engineering Bay  
  28  3:58  SCV  
  28  3:59  Supply Depot, SCV  
  28  4:00  Marine  
  31  4:06  Hellion x2  
  35  4:10  SCV  
  36  4:18  Marine  
  36  4:21  Medivac  
  39  4:27  Hellion  
  41  4:32  Hellion  
  41  4:36  Marine  
  44  4:38  Barracks Tech Lab  
  44  4:39  Barracks Reactor  
  44  4:46  Barracks  
  44  4:48  Hellion  
  44  4:49  Barracks  
  46  4:53  Hellion  
  48  5:00  Stimpack  
  48  5:10  Liberator  
  48  5:11  SCV x2  
  53  5:14  Marine  
  53  5:15  Marine  
  53  5:18  Barracks Tech Lab  
  55  5:21  Terran Infantry Weapons Level 1  
  55  5:23  SCV x2  
  55  5:25  Armory  
  57  5:29  Engineering Bay  
  58  5:35  SCV  
  58  5:42  SCV  
  59  5:47  SCV  
  60  5:54  SCV  
  61  5:59  SCV  
  56  6:17  SCV x2  
  56  6:21  Refinery  
  56  6:24  Marine x4  
  60  6:27  Widow Mine  
  60  6:28  Starport Reactor  
  62  6:33  Barracks Reactor  
  62  6:34  Barracks Tech Lab  
  62  6:39  SCV x2  
  64  6:42  Marine  
  64  6:43  Supply Depot, Marauder x2  
  64  6:44  Supply Depot  
  69  6:52  SCV  
  70  7:04  SCV, Marine x3, Marauder, Widow Mine  
  70  7:05  Marine  
  70  7:06  SCV  
  80  7:09  Supply Depot  
  80  7:16  Supply Depot, SCV, Marine x2  
  80  7:18  SCV, Medivac  
  86  7:30  SCV, Marine x5  
  86  7:34  Marine x2  
  94  7:42  Supply Depot  
  94  7:43  Supply Depot  
  94  7:48  Marine x2  
  94  7:49  Marauder x3  
  102  7:52  Marine x2, Medivac x2  
  102  8:05  Supply Depot  
  102  8:06  Marine x2  
  102  8:09  Marine x2  
  102  8:12  SCV x2  
  107  8:13  Marine x3  
  110  8:21  Liberator  
  110  8:24  SCV x2, Marine x2  
  117  8:27  Marine  
  110  8:36  SCV x2  
  88  9:01  SCV x2  
  90  9:04  Marine x6  
  90  9:05  Marauder, Command Center  
  90  9:08  Command Center  
  98  9:13  SCV x2  
  100  9:17  Supply Depot  
  100  9:19  Supply Depot, Terran Infantry Armor Level 1  
  100  9:21  Terran Infantry Weapons Level 2  
  100  9:22  Marauder  
  102  9:25  SCV x2  
  102  9:31  Combat Shield  
  104  9:33  Marine x2  
  104  9:34  Marine x3  
  104  9:37  SCV  
  107  9:41  Supply Depot  
  107  9:42  Marine  
  107  9:43  Marine  
  107  9:44  Liberator  
  107  9:45  Liberator  
  112  9:51  Marine  
  116  10:07  Starport  
  116  10:24  Factory  
  116  10:25  Starport  
  116  10:32  Marine x3  
  116  10:33  Marine x2, Marauder x2  
  116  10:34  Widow Mine  
  116  10:35  Widow Mine  
  124  10:51  Marauder  
  124  10:55  Marauder x2  
  124  10:56  Widow Mine x2  
  127  11:12  Marauder  
  127  11:15  Marine  
  127  11:16  Marine x5  
  127  11:17  Widow Mine  
  127  11:18  Widow Mine, Medivac  
  130  11:33  Marine  
  130  11:34  Marauder x2  
Show
View Real Time Build Order
Export as new Build Order

junoo Zerg 

Build Orders: Hatch First 

Get SALT Encoding   

  12  0:03  Drone  
  13  0:13  Overlord  
  13  0:18  Drone  
  14  0:22  Extractor  
  14  0:25  Drone  
  15  0:32  Drone  
  16  0:36  Drone  
  17  0:59  Hatchery  
  17  1:01  Drone  
  17  1:02  Drone, Extractor  
  17  1:15  Spawning Pool  
  16  1:19  Drone  
  16  1:23  Drone  
  18  1:32  Drone  
  19  2:05  Queen  
  19  2:06  Metabolic Boost  
  21  2:10  Queen  
  21  2:13  Drone x4  
  27  2:23  Extractor  
  26  2:32  Drone x2  
  26  2:35  Overlord x2  
  28  2:41  Evolution Chamber  
  27  3:03  Drone x2  
  29  3:08  Zerg Melee Weapons Level 1  
  29  3:16  Overlord  
  29  3:35  Lair, Baneling Nest  
  29  3:40  Drone x4  
  29  3:41  Drone x2  
  34  3:48  Spore Crawler  
  33  3:54  Queen  
  35  4:10  Spore Crawler  
  35  4:16  Spore Crawler  
  33  4:26  Drone x3  
  33  4:27  Drone x3  
  39  4:32  Extractor  
  39  4:34  Extractor  
  37  5:12  Drone x3  
  37  5:13  Drone x2  
  42  5:35  Zergling x4  
  44  5:38  Overlord x4  
  43  5:52  Spine Crawler  
  38  6:24  Drone x3  
  38  6:25  Drone x2  
  43  6:42  Hydralisk Den, Zerg Missile Weapons Level 1  
  43  6:44  Hatchery  
  43  6:45  Zergling x10  
  43  6:46  Zergling x10  
  51  6:55  Overseer x2  
  51  6:57  Pneumatized Carapace  
  46  7:30  Queen  
  48  7:38  Hydralisk  
  48  7:39  Hydralisk x7  
  48  7:41  Grooved Spines  
  59  8:10  Hydralisk  
  59  8:11  Hydralisk x5  
  66  8:31  Spine Crawler, Muscular Augments  
  59  8:36  Spine Crawler  
  54  8:53  Queen  
  56  9:01  Drone x3  
  59  9:17  Drone x3  
  59  9:18  Drone x3  
  63  9:40  Zerg Missile Weapons Level 2  
  47  10:52  Hydralisk x4  
  47  10:53  Hydralisk x7  
  47  10:54  Hydralisk x7  
  51  11:32  Hydralisk x2  
  24  11:33  Hydralisk  
Tags
 
Add a new tag
Caveats
  • Supply blocks, unpowered buildings, or Contaminate may cause inaccurate times.
  • Supply counts are checked every 10 seconds.